 Dungeon Sprint DCSS version 0.21-a0-264-g3e31e41 (webtiles) character file.

15266 Kidiri the Eclecticist (level 11, -10/68 HPs)
             Began as a Deep Elf Fire Elementalist on Sept 7, 2017.
             Was the Champion of Vehumet.
             Shot with an arrow by a deep elf master archer (37 damage)
             ... in the Dungeon (Sprint VII: "The Pits") on Sept 8, 2017.
             The game lasted 00:20:40 (3230 turns).

Kidiri the Eclecticist (Deep Elf Fire Elementalist) Turns: 3230, Time: 00:20:41

Health: -10/68     AC:  9    Str:  5    XL:     11   Next: 99%
Magic:  15/34      EV: 23    Int: 24    God:    Vehumet [******]
Gold:   39         SH:  0    Dex: 18    Spells: 5/45 levels left

rFire    + . .     SeeInvis .   v - +6 rapier (holy)
rCold    . . .     Gourm    .   (no shield)
rNeg     . . .     Faith    .   r - +2 robe {rF+}
rPois    .         Spirit   .   w - +1 helmet
rElec    .         Reflect  .   j - +1 cloak
rCorr    .         Harm     .   (no gloves)
MR       +....     NoTele   +   (no boots)
Stlth    ++........             (no amulet)
HPRegen  0.21/turn              q - +3 ring of dexterity
MPRegen  0.24/turn              s - +3 ring of evasion

@: no status effects
A: no striking features
a: Renounce Religion


You were in the Dungeon.
You worshipped Vehumet.
Vehumet was exalted by your worship.
You were hungry.

You visited 1 branch You collected 39 gold pieces.

Inventory:

Hand Weapons
 v - a +6 rapier of holy wrath (weapon)
Armour
 j - a +1 cloak (worn)
 r - a +2 robe of fire resistance (worn)
 w - a +1 helmet (worn)
Jewellery
 i - an uncursed ring of positive energy
 q - a +3 ring of dexterity (left hand)
 s - a +3 ring of evasion (right hand)
 A - an uncursed ring of ice
Scrolls
 l - 4 scrolls of remove curse
 m - 3 scrolls of amnesia
 n - a scroll of summoning
 x - 2 scrolls of fog
 y - a scroll of fear
 B - a scroll of magic mapping
 D - 2 scrolls of blinking
Potions
 d - 4 potions of curing
 e - 14 potions of heal wounds
 f - a potion of haste
 g - a potion of magic
 h - 5 potions of berserk rage
 k - 2 potions of invisibility
 t - 8 potions of might
 u - 2 potions of agility
 z - 2 potions of brilliance
 C - a potion of resistance
Books
 b - a book of Flames

   Spells                             Type                      Level
   a - Flame Tongue                   Conjuration/Fire             1
   b - Throw Flame                    Conjuration/Fire             2
   c - Conjure Flame                  Conjuration/Fire             3
   d - Inner Flame                    Hexes/Fire                   3
   e - Sticky Flame                   Conjuration/Fire             4
   f - Fireball                       Conjuration/Fire             5
Comestibles
 a - 4 chunks of flesh
 c - 8 bread rations
 o - 29 fruits
 p - 7 meat rations


   Skills:
 + Level 7.8 Fighting
 + Level 9.1 Short Blades
 + Level 7.7 Armour
 - Level 10.7 Dodging
 - Level 2.4 Stealth
 * Level 17.6 Spellcasting
 + Level 11.1 Conjurations
 + Level 11.4 Fire Magic
 + Level 5.1 Ice Magic
 + Level 8.8 Air Magic
 + Level 9.0 Earth Magic
 + Level 9.7 Poison Magic


You had 5 spell levels left.
You knew the following spells:

 Your Spells              Type           Power        Failure   Level  Hunger
a - Flame Tongue          Conj/Fire      #####        0%          1    None
b - Throw Flame           Conj/Fire      ######       1%          2    None
c - Conjure Flame         Conj/Fire      ######..     1%          3    None
d - Inner Flame           Hex/Fire       #####...     1%          3    None
e - Ignite Poison         Fire/Tmut/Pois ######..     1%          3    None
f - Sticky Flame          Conj/Fire      ######..     1%          4    None
g - Fireball              Conj/Fire      ######....   1%          5    None
h - Freezing Cloud        Conj/Ice/Air   ######....   3%          6    ####...
i - Airstrike             Air            ######....   1%          4    None
j - Stone Arrow           Conj/Erth      ######       1%          3    None
k - Poison Arrow          Conj/Pois      ######....   1%          6    ####...


Dungeon Overview and Level Annotations

Branches:
Dungeon (1/1)

Altars:
Ashenzari
Cheibriados
Dithmenos
Elyvilon
Fedhas
Gozag
Hepliaklqana
Kikubaaqudgha
Makhleb
Nemelex Xobeh
Okawaru
Qazlal
Ru
Sif Muna
Trog
Uskayaw
Vehumet
Wu Jian
Xom
Yredelemnul
Zin
The Shining One
Beogh
Jiyva
Lugonu

Annotations:
D exclusions: 13 doors and 11 more exclusions


Message History

A wolf spider comes into view.
Casting: Flame Tongue
Confirm with . or Enter, or press ? or * to list all spells.
Aiming: Sticky Flame
Press: ? - help, Shift-Dir - straight line, f - deep elf master archer, p - blizzard demon
Aim: a deep elf master archer, wearing a +1 crystal plate armour and wearing an uncursed ring of resist corrosion (moderately wounded)
The sticky flame hits the deep elf master archer.
The deep elf master archer is moderately wounded.
The deep elf master archer is covered in liquid flames!
The wolf spider hisses angrily.
The blizzard demon burns!
The blizzard demon stops burning.
The deep elf master archer burns!
The wolf spider is engulfed in freezing vapours.
The blizzard demon closely misses you.
The blizzard demon hits you but does no damage.
The deep elf master archer wields a longbow.
The deep elf master archer shoots an arrow.
The arrow hits you!!!
Ouch! That really hurt!
You die...

#....................''....
#..################..##..#. #..#
.# #§#..##.... #..# Y#
#§##..##.... #..# )# #s#
#..####++ #..# o# #§# #..# #..#
)#§# #..# #..#########§######..
#######.........@2........
____.##..........e........
____.###########++########
__...###########++##########
####+##................##..#
)))+.##......#..#......##..#
####.##................''..#
......'.÷..............''..######
#+#####......#..#.)....##........


You could see a deep elf master archer (burning), a blizzard demon and a wolf
spider.

Vanquished Creatures
  Josephine (D)
  A great orb of eyes (D)
  An anaconda (D)
  Erica (D)
  A two-headed ogre (D)
  A lindwurm (D)
  A necromancer (D)
  A phantasmal warrior (D)
  An orc knight (D)
  A deep elf mage (D)
  A manticore (D)
  4 elephants (D)
  A black mamba (D)
  A rust devil (D)
  A gargoyle (D)
  A spiny frog (D)
  2 orange demons (D)
  A rime drake (D)
  A red devil (D)
  A troll (D)
  3 jumping spiders (D)
  A dream sheep (D)
  2 flying skulls (D)
  2 air elementals (D)
  A snapping turtle (D)
  2 redbacks (D)
  2 tarantellas (D)
  A ynoxinul (D)
  5 wraiths (D)
  A fire elemental (D)
  3 basilisks (D)
  A steam dragon (D)
  A small abomination (D)
  3 floating eyes (D)
  2 orc warriors (D)
  An ice beast (D)
  A sky beast (D)
  A necrophage (D)
  A swamp drake (D)
  A phantom (D)
  An eye of draining (D)
  A wolf (D)
  A crocodile (D)
  Blork the orc (D)
  A bullfrog (D)
  A jelly (D)
  4 orc wizards (D)
  Jessica (D)
  A hell rat (D)
  A worker ant (D)
  A mummy (D)
  A river rat (D)
  An ooze (D)
  An adder skeleton (D)
  An adder zombie (D)
  A worm (D)
  A leopard gecko (D)
  6 orcs (D)
  A bat skeleton (D)
  A bat zombie (D)
  A giant cockroach (D)
  2 hobgoblins (D)
  3 jackals (D)
  3 ball pythons (D)
  A bat simulacrum (D)
  A frilled lizard (D)
  A jackal simulacrum (D)
  2 jackal skeletons (D)
  2 quokka skeletons (D)
  A quokka zombie (D)
  A rat (D)
105 creatures vanquished.

Notes
Turn   | Place    | Note
-------+----------+-------------------------------------------
     0 | D        | Kidiri the Deep Elf Fire Elementalist began the quest for the Orb.
     0 | D        | Reached XP level 1. HP: 10/10 MP: 6/6
    47 | D        | Found a bloodstained altar of Trog.
    47 | D        | Found a deep blue altar of Sif Muna.
    47 | D        | Found a viscous altar of Jiyva.
    47 | D        | Found a hazy altar of Hepliaklqana.
    47 | D        | Found an opulent altar of Gozag.
    48 | D        | Found a glowing golden altar of the Shining One.
    48 | D        | Found a glowing silver altar of Zin.
    48 | D        | Found a basalt altar of Yredelemnul.
    48 | D        | Found a shimmering altar of Xom.
    48 | D        | Found an ornate altar of the Wu Jian Council.
    48 | D        | Found a sacrificial altar of Ru.
    48 | D        | Found a stormy altar of Qazlal.
    48 | D        | Found an iron altar of Okawaru.
    48 | D        | Found a sparkling altar of Nemelex Xobeh.
    48 | D        | Found a burning altar of Makhleb.
    48 | D        | Found a blossoming altar of Fedhas.
    48 | D        | Found a white marble altar of Elyvilon.
    48 | D        | Found a shadowy altar of Dithmenos.
    48 | D        | Found a snail-covered altar of Cheibriados.
    50 | D        | Found a radiant altar of Vehumet.
    50 | D        | Found a corrupted altar of Lugonu.
    50 | D        | Found a roughly hewn altar of Beogh.
    51 | D        | Found a hide-covered altar of Uskayaw.
    51 | D        | Found an ancient bone altar of Kikubaaqudgha.
    51 | D        | Found a shattered altar of Ashenzari.
    58 | D        | Became a worshipper of Vehumet
    75 | D        | Noticed a floating eye
    79 | D        | Killed a floating eye
    79 | D        | Reached skill level 8 in Spellcasting
    79 | D        | Reached skill level 5 in Conjurations
    79 | D        | Reached skill level 5 in Fire Magic
    79 | D        | Reached XP level 2. HP: 15/15 MP: 6/13
    79 | D        | Reached XP level 3. HP: 19/19 MP: 6/15
    79 | D        | Reached XP level 4. HP: 24/24 MP: 6/16
    83 | D        | Learned a level 2 spell: Throw Flame
    87 | D        | Learned a level 3 spell: Conjure Flame
    91 | D        | Learned a level 3 spell: Inner Flame
    96 | D        | Learned a level 4 spell: Sticky Flame
   155 | D        | Reached * piety under Vehumet
   155 | D        | Offered knowledge of Shock by Vehumet.
   163 | D        | Learned a level 1 spell: Shock
   183 | D        | Noticed a floating eye
   186 | D        | Paralysed by a floating eye for 4 turns
   190 | D        | Killed a floating eye
   190 | D        | Reached ** piety under Vehumet
   190 | D        | Offered knowledge of Sting by Vehumet.
   190 | D        | Reached skill level 1 in Fighting
   190 | D        | Reached skill level 1 in Armour
   190 | D        | Reached skill level 10 in Spellcasting
   190 | D        | Reached XP level 5. HP: 30/30 MP: 15/19
   197 | D        | Learned a level 5 spell: Fireball
   199 | D        | Learned a level 1 spell: Sting
   278 | D        | Noticed Blork the orc
   287 | D        | Upgraded the game from 0.21-a0-260-g9b2435e to 0.21-a0-264-g3e31e41
   291 | D        | Offered knowledge of Ignite Poison by Vehumet.
   291 | D        | Reached skill level 1 in Air Magic
   291 | D        | Reached skill level 1 in Poison Magic
   291 | D        | Reached XP level 6. HP: 35/35 MP: 12/21
   291 | D        | Reached *** piety under Vehumet
   295 | D        | Killed Blork the orc
   295 | D        | Reached **** piety under Vehumet
   298 | D        | Reached skill level 11 in Spellcasting
   300 | D        | Learned a level 3 spell: Ignite Poison
   303 | D        | Offered knowledge of Airstrike by Vehumet.
   303 | D        | Reached skill level 5 in Dodging
   309 | D        | Learned a level 4 spell: Airstrike
   309 | D        | Offered knowledge of Stone Arrow by Vehumet.
   363 | D        | Reached XP level 7. HP: 41/41 MP: 12/23
   422 | D        | Noticed a flying skull
   426 | D        | Killed a flying skull
   579 | D        | Learned a level 3 spell: Stone Arrow
   579 | D        | Noticed a flying skull
   584 | D        | Reached skill level 12 in Spellcasting
   584 | D        | Reached skill level 1 in Earth Magic
   586 | D        | Killed a flying skull
   586 | D        | Reached ***** piety under Vehumet
   586 | D        | Offered knowledge of Poison Arrow by Vehumet.
   589 | D        | Reached XP level 8. HP: 48/48 MP: 5/26
   690 | D        | Noticed a manticore
   690 | D        | Noticed a two-headed ogre
   696 | D        | Killed a two-headed ogre
   696 | D        | Reached skill level 5 in Short Blades
   696 | D        | Reached skill level 13 in Spellcasting
   696 | D        | Reached skill level 5 in Poison Magic
   697 | D        | Killed a manticore
   697 | D        | Reached skill level 5 in Air Magic
   697 | D        | Reached XP level 9. HP: 39/52 MP: 13/28
   705 | D        | Learned a level 6 spell: Poison Arrow
   836 | D        | Noticed a gargoyle
   843 | D        | Killed a gargoyle
   843 | D        | Reached skill level 5 in Fighting
   843 | D        | Reached skill level 5 in Armour
   969 | D        | Noticed a phantasmal warrior
   978 | D        | Killed a phantasmal warrior
   978 | D        | Offered knowledge of Throw Icicle by Vehumet.
   978 | D        | Reached skill level 14 in Spellcasting
  1235 | D        | Reached skill level 5 in Earth Magic
  1236 | D        | Noticed an orange demon
  1254 | D        | Killed an orange demon
  1262 | D        | Noticed a jumping spider
  1263 | D        | Noticed a rust devil
  1264 | D        | Noticed Josephine
  1277 | D        | Killed a jumping spider
  1279 | D        | Killed Josephine
  1279 | D        | Reached XP level 10. HP: 38/60 MP: 22/30
  1299 | D        | Killed a rust devil
  1299 | D        | Reached skill level 15 in Spellcasting
  1302 | D        | Reached ****** piety under Vehumet
  1302 | D        | Offered knowledge of Bolt of Draining by Vehumet.
  1556 | D        | Offered knowledge of Freezing Cloud by Vehumet.
  1556 | D        | Reached skill level 10 in Fire Magic
  1557 | D        | Noticed a lindwurm
  1559 | D        | Noticed an elephant
  1562 | D        | Killed an elephant
  1573 | D        | Killed a lindwurm
  1621 | D        | Noticed an orc knight
  1623 | D        | Noticed an elephant
  1624 | D        | Killed an orc knight
  1630 | D        | Noticed Jessica
  1636 | D        | Noticed an elephant
  1646 | D        | Killed an elephant
  1646 | D        | Reached skill level 10 in Conjurations
  1660 | D        | Killed Jessica
  1802 | D        | Learned a level 6 spell: Freezing Cloud
  1812 | D        | Noticed a necromancer
  1818 | D        | Killed an elephant
  1818 | D        | Offered knowledge of Bolt of Fire by Vehumet.
  1818 | D        | Reached skill level 16 in Spellcasting
  1818 | D        | Reached XP level 11. HP: 64/66 MP: 25/33
  1827 | D        | Reached skill level 1 in Ice Magic
  1829 | D        | Killed a necromancer
  1829 | D        | Reached skill level 10 in Dodging
  2001 | D        | Offered knowledge of Spellforged Servitor by Vehumet.
  2091 | D        | Noticed a deep elf mage
  2169 | D        | Killed a deep elf mage
  2323 | D        | Offered knowledge of Iron Shot by Vehumet.
  2820 | D        | Noticed Erica
  2822 | D        | Noticed an anaconda
  2825 | D        | Killed an anaconda
  2825 | D        | Reached skill level 17 in Spellcasting
  2826 | D        | Killed Erica
  2974 | D        | Offered knowledge of Glaciate by Vehumet.
  2974 | D        | Offered knowledge of Chain Lightning by Vehumet.
  2974 | D        | Offered knowledge of Ignition by Vehumet.
  3217 | D        | Noticed an orc knight
  3217 | D        | Noticed a blizzard demon
  3217 | D        | Noticed a great orb of eyes
  3222 | D        | Noticed a deep elf mage
  3223 | D        | Killed a great orb of eyes
  3223 | D        | Reached skill level 5 in Ice Magic
  3225 | D        | Noticed a catoblepas
  3225 | D        | Noticed a deep elf master archer
  3230 | D        | Noticed a wolf spider
  3230 | D        | Shot with an arrow by a deep elf master archer

Vault maps used:
D:        pitsprint

Skill      XL: |  1  2  3  4  5  6  7  8  9 10 11 |
---------------+----------------------------------+-----
Spellcasting   | 8 10 11 12 13 14 16 17 | 17.6
Conjurations   | 5 6 7 8 9 10 11 | 11.1
Fire Magic     | 5 6 7 8 9 10 11 | 11.4
Fighting       | 1 2 3 4 5 6 7 |  7.8
Short Blades   | 2 3 4 5 7 8 9 |  9.1
Armour         | 1 2 3 4 5 6 7 |  7.7
Dodging        | 3 4 5 6 7 8 9 10 | 10.7
Air Magic      | 1 2 3 5 6 7 8 |  8.8
Poison Magic   | 1 2 4 5 7 8 9 |  9.7
Earth Magic    | 2 3 5 7 9 |  9.0
Ice Magic      | 5 |  5.1
Stealth        | |  2.4

Action                   |  1- 3 |  4- 6 |  7- 9 | 10-12 || total
-------------------------+-------+-------+-------+-------++-------
Melee: Dagger            |     1 |     1 |       |       ||     2
       Rapier            |       |       |       |     8 ||     8
 Cast: Flame Tongue      |     2 |    18 |    11 |    31 ||    62
       Conjure Flame     |       |     1 |     4 |     8 ||    13
       Inner Flame       |       |     1 |     5 |     2 ||     8
       Airstrike         |       |     2 |    25 |     1 ||    28
       Sticky Flame      |       |     2 |     4 |    14 ||    20
       Stone Arrow       |       |       |     8 |    19 ||    27
       Poison Arrow      |       |       |     1 |    16 ||    17
       Fireball          |       |       |       |     7 ||     7
       Ignite Poison     |       |       |       |     5 ||     5
       Throw Flame       |       |       |       |     3 ||     3
       Freezing Cloud    |       |       |       |    10 ||    10
  Use: Potion            |       |     2 |     2 |     1 ||     5
       Scroll            |       |     2 |       |     7 ||     9
 Stab: Sleeping          |     1 |       |       |       ||     1
  Eat: Fruit             |       |       |    11 |       ||    11
       Chunk             |       |       |       |     1 ||     1
Armor: Robe              |       |     4 |     1 |    17 ||    22
Dodge: Dodged            |       |     5 |    22 |    75 ||   102

Table legend:
 A = Spawn XP
 B = Non-spawn XP
 C = Spawn XP percentage of total XP
 D = Spawn monster count
 E = Non-spawn monster count
 F = Spawn count percentage of total count
 G = Total turns spent on level
                    A         B        C        D         E        F      G
               +---------+---------+-------+---------+---------+-------+---------
         Total |       0 |   21809 |   0.0 |       0 |     105 |   0.0 |  3230
               +---------+---------+-------+---------+---------+-------+---------
             D |       0 |   21809 |   0.0 |       0 |     105 |   0.0 |  3230
               +---------+---------+-------+---------+---------+-------+---------
